 Dungeon Crawl Stone Soup version 0.27.1-1-g398f81649c (webtiles) character file.

Game seed: 1602420061453812156

490 Descartes the Ruffian (level 6, -3/59 HPs)
             Began as a Troll Delver on Sept 6, 2021.
             Killed by divine providence
             ... invoked by an orc priest
              (12 damage)
             ... on level 4 of the Dungeon.
             The game lasted 00:01:40 (933 turns).

Descartes the Ruffian (Troll Delver)                 Turns: 933, Time: 00:01:40

Health: -3/59      AC:  4    Str: 22    XL:     6   Next: 90%
Magic:  5/5        EV: 10    Int:  6    God:
Gold:   45         SH:  5    Dex: 12    Spells: 5/5 levels left

rFire    . . .     SeeInvis .     - Unarmed
rCold    . . .     Faith    .   (no shield)
rNeg     . . .     Spirit   .   a - +0 robe
rPois    .         Reflect  +   (helmet restricted)
rElec    .         Harm     .   (no cloak)
rCorr    .         Rampage  .   (gloves unavailable)
Will     .....                  (boots unavailable)
Stlth    ++........             o - amulet of reflection
HPRegen  1.19/turn              (no ring)
MPRegen  0.09/turn              (no ring)

@: no status effects
A: large, unfitting armour, claws 3, regeneration 1, shaggy fur 1, tough skin 1
a: no special abilities


You were on level 4 of the Dungeon.
You visited 1 branch of the dungeon, and saw 2 of its levels.

You collected 45 gold pieces.

Inventory:

Missiles
 h - 17 poisoned darts (quivered)
 l - 27 arrows
 m - 22 stones
 q - 22 bolts
Armour
 a - a +0 robe (worn)
 g - a +0 kite shield
Magical Staves
 k - a staff of cold
Jewellery
 o - an amulet of reflection (around neck)
Wands
 f - a wand of digging (3)
Scrolls
 b - a scroll of fog
 c - 2 scrolls of magic mapping
 d - a scroll of fear
 i - a scroll of torment {unknown}
 j - 2 scrolls of immolation {unknown}
 p - a scroll of identify {unknown}
Potions
 e - a potion of haste
 n - a potion of attraction {unknown}
 r - a potion of lignification {unknown}


   Skills:
 - Level 2.4 Fighting
 - Level 1.5 Dodging
 - Level 2.7 Stealth
 + Level 7.5 Unarmed Combat


You had 5 spell levels left.
You didn't know any spells.
Your spell library was empty.

Dungeon Overview and Level Annotations

Branches:
Dungeon (5/15)
 Temple: D:4-7

Altars:

Shops:
D:5 (


Innate Abilities, Weirdness & Mutations

You are too large for most types of armour.
You have claws for hands.
Your natural rate of healing is unusually fast.
You are covered in fur. (AC +1)
You have tough skin. (AC +1)


Message History

The orc barely misses you.
The orc moves out of view.
You barely miss the orc priest.
You claw the orc priest, but do no damage.
The orc closely misses you.
An orc comes into view. It is wielding a +0 hand axe.
The orc priest looks satisfied for a moment.
The orc shouts!
You scratch the orc priest.
The orc priest is lightly wounded.
You block the orc's attack.
You scratch the orc priest.
The orc priest is moderately wounded.
The orc priest calls down the wrath of Beogh upon you.
Beogh smites you!
You claw the orc priest!
The orc priest is almost dead.
The orc priest hits you with a +0 flail.
You closely miss the orc priest.
The orc priest is almost dead.
The orc closely misses you.
The orc priest invokes the aid of Beogh against you.
Beogh smites you! The orc hits you with a +0 flail.
* * * LOW HITPOINT WARNING * * *
You are too injured to fight recklessly!
You are too injured to fight recklessly!
You are too injured to fight recklessly!
You are too injured to fight recklessly!
You are too injured to fight recklessly!
You are too injured to fight recklessly!
You are too injured to fight recklessly!
You are too injured to fight recklessly!
You are too injured to fight recklessly!
You are too injured to fight recklessly!
The orc priest invokes the aid of Beogh against you.
Beogh smites you!
* * * LOW HITPOINT WARNING * * *
The orc priest looks braver for a moment.
The orc priest invokes the aid of Beogh against you.
Beogh smites you!
You die...

#.........##.#.###...##..#.
......#.####)#.##....##.#..
###...#.##...........##.#.#
#...#.##.#.#.##..#.##.#.. .
#...#.##.#.#.......##.###
♣.###...#......####....)..#
........####.###..>....######
..♣.....####.###.##..........
...$...oo.no@..#.##....#.....
♣....$..oK.o..<#.##..........
...............#.##....#.....
####......######.##.##.#.....
#....#.# #..........###
#....#.# ####.#########
#....#.# #.#####...# #....#.#
#.......#.. ##..####...#


You could see a necrophage, an orc priest, 4 orcs and a kobold.

Vanquished Creatures
  An ogre (D:5)
  2 necrophages (D:5)
  A centaur (D:5)
  A jelly (D:5)
  2 iguanas
  A killer bee zombie (D:5)
  A hound skeleton (D:4)
  4 adders
  A worm (D:5)
  2 orcs (D:4)
  A ball python (D:4)
  A quokka (D:4)
18 creatures vanquished.

Notes
Turn   | Place    | Note
-------+----------+-------------------------------------------
     0 | D:5      | Descartes the Troll Delver began the quest for the Orb.
     0 | D:5      | Reached XP level 1. HP: 22/22 MP: 0/0
    19 | D:5      | Noticed a jelly
    40 | D:5      | Killed a jelly
    41 | D:5      | Reached skill level 3 in Unarmed Combat
    41 | D:5      | Reached XP level 2. HP: 14/29 MP: 1/1
    41 | D:5      | Reached XP level 3. HP: 17/36 MP: 2/2
   273 | D:5      | Reached skill level 4 in Unarmed Combat
   305 | D:5      | Noticed a necrophage
   310 | D:5      | Killed a necrophage
   311 | D:5      | Reached skill level 5 in Unarmed Combat
   311 | D:5      | Reached XP level 4. HP: 39/44 MP: 3/3
   311 | D:5      | Reached XP level 5. HP: 44/50 MP: 4/4
   389 | D:5      | Noticed an ogre
   395 | D:5      | Killed an ogre
   396 | D:5      | Reached skill level 6 in Unarmed Combat
   432 | D:5      | Noticed a necrophage
   440 | D:5      | Killed a necrophage
   441 | D:5      | Reached XP level 6. HP: 59/59 MP: 5/5
   463 | D:5      | Found Romiliv's Antique Weapon Emporium.
   505 | D:5      | Reached skill level 7 in Unarmed Combat
   933 | D:4      | Killed from afar by an orc priest

Illustrated notes

Levels and vault maps discovered:
D:4:      layout_loops_cross, mainiacjoe_overflow_alcove_2, serial_shops, shop,
          nicolae_take_the_stairs, grunt_ministairs_2, cheibrodos_gnoll_hut
D:5:      layout_basic, serial_shops, shop

Skill      XL: |  1  2  3  4  5  6 |
---------------+-------------------+-----
Unarmed Combat | 3 5 6 7 |  7.5
Fighting       | |  2.4
Dodging        | |  1.5
Stealth        | |  2.7

Action                   |  1- 3 |  4- 6 || total
-------------------------+-------+-------++-------
Melee: Unarmed           |    12 |    61 ||    73
       Punch             |       |     1 ||     1
 Stab: Sleeping          |       |     2 ||     2
Armor: Robe              |     1 |    14 ||    15
Dodge: Dodged            |     5 |    27 ||    32
Block: Other             |       |     3 ||     3
